 Dungeon Crawl Stone Soup version 0.31-a0-1352-gc98d92de7d (webtiles) character file.

Game seed: 17958208457438721601

1550485 jt the Worldbinder (level 24, 179/202 HPs)
             Began as a Felid Summoner on Dec 22, 2023.
             Was an Initiate of Gozag.
             Escaped with the Orb
             ... and 3 runes on Dec 24, 2023!
             The game lasted 07:02:42 (75688 turns).

jt the Worldbinder (Felid Summoner)                Turns: 75688, Time: 07:02:43

Health: 179/202    AC: 12    Str: 10    XL:     24   Next: 94%
Magic:  32/47      EV: 18    Int: 44    God:    Gozag
Gold:   12683      SH:  0    Dex: 18    Spells: 6/61 levels left
                                        Lives:  2   Deaths: 1

rFire   + +          .
                       - Unarmed
rCold   . . .        (shield unavailable)
rNeg    + . .        (body armour unavailable)
rPois   +            (helmet unavailable)
rElec   +            (cloak unavailable)
rCorr   +            (gloves unavailable)
SInv    +            (boots unavailable)
Will    +++..        G - amulet "Ivuwiave" {rN+ Regen+}
Stlth   +            q - ring "Qaifiewk" {Wiz Str-4 Int+6 Dex+2}
HPRegen 1.33/turn    t - ring "Hiutud" {rElec rC+ rCorr Int+6 Stlth+}
MPRegen 0.30/turn

%: wizardry (x1)
@: dragon-form, calling dragons, gold aura, flying, hasted, very quick
A: dragon claw, dragon scales, breathe fire, flying, boosted hp, giant, (claws
1), (fangs 3), see invisible, (shaggy fur 3), (stealthy paws), no weapons or
thrown items, no armour, multi-lived
0: Orb of Zot
}: 3/15 runes: barnacled, silver, gossamer
a: Breathe Fire, Begin Untransformation, Renounce Religion, Potion Petition,
Call Merchant, Bribe Branch


You escaped.
You worshipped Gozag.
Gozag was extremely pleased with you.
You were a fearsome dragon!
You visited 10 branches of the dungeon, and saw 46 of its levels.
You also visited: Bailey.

You collected 27428 gold pieces.
You spent 4379 gold pieces at shops.
You paid 10366 gold pieces to Gozag.

Inventory:

Jewellery
 b - a ring of willpower
 q - the ring "Qaifiewk" (left foreclaw) {Wiz Str-4 Int+6 Dex+2}
   (You took it off a tengu reaver on level 3 of the Depths)

   [ring of wizardry]

   Wiz:       It improves your spell success rate.
   Str-4:     It affects your strength (-4).
   Int+6:     It affects your intelligence (+6).
   Dex+2:     It affects your dexterity (+2).
 t - the ring "Hiutud" (right foreclaw) {rElec rC+ rCorr Int+6 Stlth+}
   (You acquired it on level 11 of the Dungeon)

   [ring of intelligence]

   Int+6:     It affects your intelligence (+6).
   rC+:       It protects you from cold.
   rElec:     It insulates you from electricity.
   rCorr:     It protects you from acid and corrosion.
   Stlth+:    It makes you more stealthy.
 v - the ring "Bagogyar" {MP+9 EV+5 Str+3}
   (You took it off a fire giant on level 3 of the Depths)

   [ring of evasion]

   EV+5:      It affects your evasion (+5).
   Str+3:     It affects your strength (+3).
   MP+9:      It affects your magic capacity (+9).
 y - a ring of wizardry
 A - the ring of Brilliance {Ice rElec Int+2 Slay+2}
   (You took it off Josephina on level 4 of the Realm of Zot)

   [ring of ice]

   Ice:       It enhances your ice magic.
   Int+2:     It affects your intelligence (+2).
   Slay+2:    It affects your accuracy & damage with ranged weapons and melee
   (+2).
   rF-:       It makes you vulnerable to fire.
   rC+:       It protects you from cold.
   rElec:     It insulates you from electricity.
 D - the ring of Daffodils {*Slow rElec Str+8 Slay+4}
   (You took it off a spriggan defender on level 3 of the Depths)

   [ring of slaying]

   Str+8:     It affects your strength (+8).
   Slay+4:    It affects your accuracy & damage with ranged weapons and melee
   (+4).
   rElec:     It insulates you from electricity.
   *Slow:     It may slow you when you take damage.
 E - a ring of protection from fire
 G - the amulet "Ivuwiave" (around neck) {rN+ Regen+}
   (You acquired it on level 4 of the Spider Nest)

   [amulet of regeneration]

   rN+:       It protects you from negative energy.
   Regen+:    It increases your rate of health regeneration.
 H - a ring of protection from fire
 K - a +4 ring of slaying
 R - a ring of protection from cold
 Y - the ring of the Ninety-Nine Wishes {Ice Will+ Str+2 Dex+2}
   (You took it off an orc knight on level 3 of the Vaults)

   [ring of ice]

   Ice:       It enhances your ice magic.
   Str+2:     It affects your strength (+2).
   Dex+2:     It affects your dexterity (+2).
   rF-:       It makes you vulnerable to fire.
   rC+:       It protects you from cold.
   Will+:     It increases your willpower.
Talismans
 f - a granite talisman
 Q - a storm talisman
 Z - a dragon-blood talisman (active)
Wands
 d - a wand of flame (84)
 g - a wand of charming (17)
 z - a wand of polymorph (11)
 J - a wand of roots (18)
 P - a wand of quicksilver (8)
 T - a wand of digging (6)
 X - a wand of mindburst (19)
Scrolls
 e - 14 scrolls of teleportation
 i - 2 scrolls of vulnerability
 j - 13 scrolls of blinking
 k - 3 scrolls of noise
 l - 5 scrolls of fog
 w - 5 scrolls of revelation
 B - 2 scrolls of silence
 C - 4 scrolls of torment
 F - 5 scrolls of poison
 S - 5 scrolls of fear
 U - 3 scrolls of immolation
 V - 3 scrolls of amnesia
 W - 4 scrolls of butterflies
Potions
 a - 7 potions of magic
 c - 21 potions of enlightenment
 h - 10 potions of curing
 m - 2 potions of haste
 n - 6 potions of might
 o - 3 potions of resistance
 p - 5 potions of brilliance
 r - 11 potions of lignification
 s - 6 potions of heal wounds
 u - 4 potions of invisibility
 x - 5 potions of mutation
 L - 5 potions of ambrosia
 M - 7 potions of attraction
 N - 3 potions of cancellation
Miscellaneous
 I - a lightning rod (4/4)
 O - a phantom mirror


   Skills:
 + Level 16.6 Fighting
 + Level 19.1 Dodging
 - Level 2.6 Stealth
 + Level 4.3 Unarmed Combat
 - Level 19.0 Spellcasting
 - Level 10.0 Hexes
 - Level 23.9 Summonings
 - Level 6.0 Necromancy
 - Level 19.4 Translocations
 - Level 4.2 Air Magic
 - Level 5.0 Evocations
 + Level 16.2 Shapeshifting


You had 6 spell levels left.
You knew the following spells:

 Your Spells              Type           Power      Damage    Failure   Level
a - Anguish               Hex/Necr       42%        N/A       1%          4
b - Call Imp              Summ           100%       N/A       0%          2
c - Call Canine Familiar  Summ           100%       N/A       0%          3
d - Summon Guardian Gole  Hex/Summ       100%       N/A       0%          3
e - Summon Lightning Spi  Summ/Air       100%       N/A       0%          4
f - Summon Forest         Summ/Tloc      62%        N/A       0%          5
g - Passage of Golubria   Tloc           100%       N/A       0%          4
h - Dispersal             Tloc           59%        N/A       1%          6
i - Malign Gateway        Summ/Tloc      62%        N/A       1%          7
j - Dragon's Call         Summ           64%        N/A       1%          9
k - Vhi's Electric Charg  Tloc/Air       100%       N/A       1%          4
l - Manifold Assault      Tloc           100%       N/A       0%          4

Your spell library contained the following spells:

 Spells                   Type           Power      Damage    Failure   Level
 Summon Small Mammal      Summ           100%       N/A       0%          1
 Gell's Gravitas          Tloc           100%       N/A       0%          3
 Teleport Other           Tloc           100%       N/A       0%          3
 Summon Cactus Giant      Summ           64%        N/A       0%          6
 Foxfire                  Conj/Fire      100%       2x1d9     1%          1
 Freeze                   Ice            100%       1d10      1%          1
 Kiss of Death            Conj/Necr      100%       2d13      1%          1
 Magic Dart               Conj           100%       1d8       1%          1
 Sandblast                Erth           82%        2d17      1%          1
 Shock                    Conj/Air       100%       1d9       1%          1
 Cigotuvi's Dreadful Rot  Necr/Alch/Air  100%       N/A       1%          2
 Mercury Vapours          Alch/Air       100%       N/A       1%          2
 Scorch                   Fire           82%        2d8       1%          2
 Searing Ray              Conj           82%        2d7       1%          2
 Static Discharge         Conj/Air       100%       3-8/arc   1%          2
 Confusing Touch          Hex            92%        N/A       1%          3
 Dazzling Flash           Conj/Hex       100%       N/A       1%          3
 Frozen Ramparts          Ice            82%        1d13      1%          3
 Hailstorm                Conj/Ice       41%        3d9       1%          3
 Inner Flame              Hex/Fire       72%        N/A       1%          3
 Mephitic Cloud           Conj/Alch/Air  53%        N/A       1%          3
 Stone Arrow              Conj/Erth      82%        3d12      1%          3
 Swiftness                Air            68%        N/A       1%          3
 Tukima's Dance           Hex            92%        N/A       1%          3
 Volatile Blastmotes      Fire/Tloc      100%       2d18      1%          3
 Airstrike                Air            34%        2d(5-21)  1%          4
 Cause Fear               Hex            46%        N/A       1%          4
 Dispel Undead            Necr           76%        3d25      1%          4
 Iskenderun's Mystic Bla  Conj/Tloc      91%        2d18      1%          4
 Agony                    Necr           76%        N/A       1%          5
 Borgnjor's Vile Clutch   Necr/Erth      31%        N/A       1%          5
 Silence                  Hex/Air        40%        N/A       1%          5
 Yara's Violent Unravell  Hex/Alch       36%        3d15      1%          5
 Brom's Barrelling Bould  Conj/Erth      41%        2d6       2%          4
 Flame Wave               Conj/Fire      41%        2d11      2%          4
 Fulminant Prism          Conj/Alch      20%        3d12      2%          4
 Ignite Poison            Fire/Alch      41%        N/A       2%          4
 Olgreb's Toxic Radiance  Alch           41%        N/A       2%          4
 Petrify                  Alch/Erth      41%        N/A       2%          4
 Sticky Flame             Fire/Alch      41%        2d8       2%          4
 Arcjolt                  Conj/Air       28%        1d38      2%          5
 Death Channel            Necr           38%        N/A       2%          6
 Freezing Cloud           Conj/Ice/Air   26%        6-21      3%          5
 Fireball                 Conj/Fire      20%        3d10      6%          5
 Irradiate                Conj/Alch      20%        3d18      6%          5
 Iskenderun's Battlesphe  Conj           41%        2d9       6%          5
 Conjure Ball Lightning   Conj/Air       28%        3x3d8     14%         6
 Plasma Beam              Fire/Air       28%        2x1d41    14%         6
 Eringya's Noxious Bog    Alch           20%        4d6       32%         6
 Starburst                Conj/Fire      20%        6d7       32%         6
 Spellforged Servitor     Conj/Summ      49%        N/A       1%          7
 Summon Hydra             Summ           64%        N/A       1%          7
 Disjunction              Tloc           59%        N/A       1%          8
 Summon Horrible Things   Summ           64%        N/A       1%          8
 Enfeeble                 Hex            46%        N/A       3%          7
 Discord                  Hex            46%        N/A       22%         8
 Orb of Destruction       Conj           20%        9d8       85%         7
 Ozocubu's Refrigeration  Ice            20%        4d12      85%         7
 Maxwell's Capacitive Co  Air            34%        ∞         91%         8
 Ignition                 Fire           20%        3d7       100%        8
 Lehudib's Crystal Spear  Conj/Erth      20%        10d6      100%        8
 Chain Lightning          Conj/Air       28%        3d38      100%        9
 Fire Storm               Conj/Fire      20%        8d5       100%        9
 Polar Vortex             Ice            20%        12d2*     100%        9
 Shatter                  Erth           20%        3d18*     100%        9
 Dimensional Bullseye     Hex/Tloc       Unusable   N/A       N/A         4
 Animate Dead             Necr           Unusable   N/A       N/A         4
 Simulacrum               Ice/Necr       Unusable   N/A       N/A         6

Dungeon Overview and Level Annotations

Branches:
Dungeon (15/15)            Temple (1/1) D:6            Lair (5/5) D:9
 Shoals (4/4) Lair:3       Spider (4/4) Lair:2        Slime (0/5) Lair:5
    Orc (2/2) D:12            Elf (0/3) Orc:2        Vaults (5/5) D:13
  Crypt (1/3) Vaults:3     Depths (4/4) D:15            Zot (5/5) Depths:4
 Bailey (visited)

Altars:
Ashenzari
Cheibriados
Dithmenos
Elyvilon
Fedhas
Gozag
Hepliaklqana
Kikubaaqudgha
Makhleb
Nemelex Xobeh
Okawaru
Qazlal
Ru
Sif Muna
Trog
Uskayaw
Vehumet
Wu Jian
Xom
Yredelemnul
Zin
The Shining One
Jiyva

Shops:
D:6 :   D:9 !   D:13 :?   D:14 !   Orc:1 *   Orc:2 (?(*?   Shoals:1 (
Shoals:3 (   Vaults:1 [   Vaults:3 :(   Zot:5 *   Depths:1 =   Depths:2 ?

Portals:
Hell: Depths:1 Depths:2 Depths:3 Depths:4
Abyss: Vaults:2 Depths:3 Depths:4
Pandemonium: Depths:2 Depths:3 Depths:4
Ziggurat: Depths:2

Annotations:
D:9 3 runed translucent doors, MrCrawl's ghost, novice DrFE
D:12 exclusion: ice statue
Spider:2 3 runed translucent doors, t4s4d4r's ghost, journeyman DgSu
Orc:2 3 runed translucent doors, Arminio00's ghost, journeyman MiFi; TobyConnect's ghost, journeyman TeAE; bumbalina's ghost, journeyman DjCj; bumbalina's ghost, journeyman OpFE; totrandom's ghost, journeyman OpSh
Vaults:2 2 transporters, flestrin's ghost, adept DECj


Innate Abilities, Weirdness & Mutations

You are a fearsome dragon!
You have a powerful clawing attack.
Your giant scaled body is strong and resilient, but less evasive.
You can breathe fire.
You are flying.
Your maximum health is greatly increased.
((You have sharp claws.))
((You have razor-sharp teeth.))
You have supernaturally acute eyesight. (SInv)
((Your thick and shaggy fur keeps you warm. (AC +3, rC+)))
((Your paws help you pounce on unaware monsters.))
You are incapable of wielding weapons or throwing items.
You cannot wear armour.
You gain extra lives every three experience levels.


Message History

Your iron dragon tramples the Brimstone Fiend but does no damage.
You barely miss the Brimstone Fiend.
The Brimstone Fiend is lightly wounded.
The Brimstone Fiend closely misses you.
The Brimstone Fiend hits you but does no damage.
The Brimstone Fiend completely misses you.
Your iron dragon breathes metal splinters at the Brimstone Fiend.
The spray of metal splinters hits the Brimstone Fiend!
You hit the Brimstone Fiend but do no damage.
You tail-slap the Brimstone Fiend, but do no damage.
You bite the Brimstone Fiend.
The Brimstone Fiend is lightly wounded.
Your iron dragon bites the Brimstone Fiend but does no damage.
Your iron dragon completely misses the Brimstone Fiend.
Your iron dragon tramples the Brimstone Fiend.
The Brimstone Fiend holds its ground!
You claw the Brimstone Fiend!
Your tail-slap misses the Brimstone Fiend.
You bite the Brimstone Fiend, but do no damage.
The Brimstone Fiend is moderately wounded.
A dragon arrives to answer your call! The Brimstone Fiend barely misses you.
The Brimstone Fiend hits you. The Brimstone Fiend hits you!
Your iron dragon completely misses the Brimstone Fiend.
Your iron dragon claws the Brimstone Fiend!!
Your iron dragon tramples the Brimstone Fiend!
The Brimstone Fiend holds its ground!
Blink to where?
Press: ? - help, Dir - move target
As you read the scroll of blinking, it crumbles to dust.
Your iron dragon breathes metal splinters at the Brimstone Fiend.
The spray of metal splinters hits the Brimstone Fiend!
Your golden dragon bites the Brimstone Fiend!
Your golden dragon claws the Brimstone Fiend.
Your golden dragon tramples the Brimstone Fiend!
The Brimstone Fiend holds its ground!
The Brimstone Fiend dies!
Blink to where?
Press: ? - help, Dir - move target
As you read the scroll of blinking, it crumbles to dust.
You have escaped!

##### ######.D.######
###.............#####
####.................#.######
##..'.................'.......
#..##.................#.######
#.#####......§......###.......
#.# ###.........### ########
#.# ###.....### ### ###.#
###.........### #.#


There were no monsters in sight!

Vanquished Creatures
  A Killer Klown (Zot:5)
  A golden dragon (Zot:4)
  Arachne (Spider:2)
  An Orb Guardian (D:9)
  An Ice Fiend (D:6)
  A quicksilver dragon (Zot:2)
  A sphinx (Depths:3)
  2 storm dragons
  2 draconian monks (Zot:1)
  A draconian shifter (Zot:2)
  2 fire giants
  A frost giant (Vaults:5)
  2 ghost moths
  A draconian stormcaller (Zot:2)
  An orc warlord (Vaults:3)
  An ironbound preserver (Vaults:2)
  2 ironbound thunderhulks (Vaults:2)
  3 black draconians
  3 stone giants
  A green draconian (Depths:4)
  A lorocyproca (D:6)
  A yaktaur captain (Vaults:3)
  A merfolk impaler (Shoals:3)
  A merfolk javelineer (Shoals:4)
  An entropy weaver (Spider:4)
  2 fire dragons
  A great orb of eyes (Vaults:3)
  A rakshasa (Depths:2)
  A vault guard (Vaults:5)
  4 ice dragons
  A boulder beetle (Spider:4)
  A centaur warrior (D:14)
  A tengu warrior (Depths:2)
  A hell hog (D:6)
  A deep troll shaman (Depths:2)
  A death yak (Lair:4)
  A demonic crawler (Spider:2)
  3 spriggan berserkers
  2 sun demons (Depths:2)
  Sonja (D:11)
  2 sea snakes
  3 deep trolls
  2 sun moths
  3 flayed ghosts
  An ironbound convoker (Vaults:4)
  A lindwurm (Vaults:1)
  2 phantasmal warriors
  6 harpies
  2 orc knights
  2 wolf spiders
  2 manticores
  5 moths of wrath
  A water nymph (Shoals:4)
  A large abomination (Depths:1)
  3 cane toads
  An unseen horror (D:13)
  A komodo dragon (Lair:5)
  2 yaktaurs (Vaults:3)
  A tengu conjurer (Depths:1)
  A red devil (D:10)
  A wind drake (Shoals:1)
  3 merfolk (Shoals:4)
  3 hornets
  3 tarantellas (Spider:1)
  3 blink frogs
  A dream sheep (Shoals:3)
  3 culicivoras
  A slime creature (Vaults:1)
  5 jumping spiders
  5 spriggans
  A ynoxinul (D:14)
  3 water elementals
  4 redbacks
  A wolf (Lair:3)
  3 bullfrogs
  2 electric eels
  A howler monkey (D:12)
  2 orc priests
  An adder (D:2)
  2 white imps
  2 dart slugs
  3 orcs
  3 giant cockroaches
  2 goblins
  4 hobgoblins
  2 jackals (D:1)
  6 kobolds
  3 ball pythons
  2 bats
  2 frilled lizards (D:1)
  3 rats (D:1)
  An aspiring flesh (Zot:4)
179 creatures vanquished.

Vanquished Creatures (collateral kills)
  4 dread liches
  3 ancient liches
  Tiamat (Zot:4)
  An orb of fire (Zot:5)
  2 juggernauts
  Josephina (Zot:4)
  2 Killer Klowns (Zot:5)
  Bai Suzhen (Vaults:3)
  Saint Roka (Vaults:3)
  A curse toe (Zot:5)
  3 caustic shrikes
  The ghost of Ynkabiuw the Metamorph, an adept TrCK of Jiyva (Vaults:4)
  7 golden dragons
  A bone dragon (Depths:4)
  A Brimstone Fiend (D:1)
  Jorgrun (Shoals:1)
  The ghost of Sudilyre the Warrior, an adept MiBe of Trog (Vaults:4)
  An iron giant (Zot:1)
  2 electric golems (Zot:5)
  6 tentacled monstrosities
  A walking crystal tome (Depths:3)
  Rupert (D:12)
  16 Orb Guardians
  6 liches
  A walking earthen tome (Depths:2)
  A walking divine tome (Depths:3)
  A sphinx (Depths:3)
  4 titans
  5 quicksilver dragons
  A kraken (Shoals:1)
  An ancient champion (Vaults:3)
  Gastronok (Lair:2)
  8 eldritch tentacles
  2 death cobs (Zot:5)
  Frances (Shoals:1)
  Roxanne (Spider:4)
  5 tengu reavers
  11 storm dragons
  7 shadow dragons
  5 draconian shifters
  4 draconian knights
  A deep elf sorcerer (Vaults:2)
  A revenant (Vaults:3)
  16 vault wardens
  10 draconian monks
  2 rockslimes
  8 fire giants
  A protean progenitor (Zot:4)
  2 emperor scorpions (Spider:3)
  4 ghost moths
  9 frost giants
  3 draconian scorchers
  4 iron dragons
  A draconian stormcaller (Zot:2)
  3 orc warlords
  6 draconian annihilators
  14 ironbound preservers
  A war gargoyle (Vaults:1)
  9 stone giants
  4 spriggan defenders
  7 ironbound thunderhulks
  2 deep elf demonologists
  5 green draconians
  5 formless jellyfish
  5 black draconians
  11 very ugly things
  2 vampire knights
  8 spark wasps
  9 dire elephants
  7 red draconians
  6 purple draconians
  3 yellow draconians
  8 white draconians
  An eidolon (Vaults:3)
  3 crystal guardians
  8 ettins
  A green death (Depths:3)
  The ghost of Ogem the Arsonist, a journeyman DsCA of Gozag (D:14)
  3 entropy weavers
  14 fire dragons
  2 merfolk impalers (Shoals:4)
  2 merfolk javelineers (Shoals:4)
  3 rakshasas
  5 yaktaur captains
  Fannar (D:12)
  5 great orbs of eyes
  3 ogre magi
  19 vault guards
  2 hell beasts
  2 spriggan air magi (Depths:3)
  4 merfolk avatars
  An alligator snapping turtle (Shoals:4)
  3 peacekeepers
  12 ice dragons
  3 catoblepae
  6 centaur warriors
  6 hydras
  5 ironbound frosthearts
  Erica (Lair:2)
  7 boulder beetles
  2 radroaches
  3 dancing weapons (Zot:1)
  12 death yaks
  12 two-headed ogres
  3 merfolk aquamancers
  4 hell hogs
  5 tengu warriors
  A satyr (Shoals:3)
  3 spriggan berserkers
  5 demonic crawlers
  7 spriggans
  An orc high priest (Vaults:3)
  3 hell knights (Depths:2)
  2 deep troll earth magi
  4 soul eaters (Depths:2)
  2 sun demons
  A deep elf knight (Vaults:5)
  An occultist (D:15)
  2 skysharks
  11 sea snakes
  A goliath frog (Lair:5)
  A pharaoh ant (Spider:4)
  35 deep trolls
  2 glowing orange brains (shapeshifter)
  A salamander mystic (Depths:3)
  6 glowing orange brains
  An orb spider (shapeshifter) (Vaults:5)
  3 skeletal warriors (D:11)
  An obsidian statue (Spider:1)
  6 bog bodies (Shoals:1)
  3 orb spiders
  2 flayed ghosts
  3 arcanists
  5 steelbarb worms (Spider:4)
  3 sun moths (Spider:4)
  A quicksilver dragon simulacrum (Zot:4)
  A lindwurm (Vaults:1)
  8 orc knights
  13 ironbound convokers
  A tengu zombie (Vaults:5)
  16 harpies
  6 phantasmal warriors
  2 necromancers
  A deep elf pyromancer (D:12)
  4 orc sorcerers (Orc:2)
  15 ugly things
  A fire giant zombie (Vaults:1)
  Maurice (Orc:2)
  12 fauns (Shoals:3)
  13 manticores
  9 wolf spiders
  A cyclops (shapeshifter) (Vaults:5)
  A frost giant zombie (Vaults:5)
  3 salamanders (Depths:3)
  A tengu skeleton (Vaults:1)
  7 cyclopes
  9 moths of wrath
  A faun (shapeshifter) (Vaults:5)
  12 elephants
  11 vault sentinels
  5 black mambas
  2 kobold blastminers (Orc:1)
  7 merfolk sirens
  An elephant (shapeshifter) (Vaults:5)
  A frost giant skeleton (Vaults:1)
  A smoke demon (Depths:2)
  2 torpor snails (shapeshifter)
  A gargoyle (D:11)
  4 water nymphs
  10 torpor snails
  10 cane toads
  3 rime drakes
  7 komodo dragons
  33 yaktaurs
  7 tengu conjurers
  A ghost moth simulacrum (Zot:4)
  14 trolls
  3 meliai (Spider:4)
  2 tyrant leeches (Lair:5)
  20 merfolk
  A polar bear (Lair:2)
  A tarantella (shapeshifter) (Vaults:3)
  A nameless horror (Zot:1)
  Prince Ribbit (Lair:2)
  12 tarantellas
  A wind drake (Shoals:1)
  10 hornets
  16 dream sheep
  An ettin zombie (Vaults:5)
  A glass eye (Depths:2)
  44 blink frogs
  A stone giant simulacrum (Vaults:3)
  12 jumping spiders
  8 snapping turtles
  A shadow (D:10)
  32 slime creatures
  10 culicivoras
  A flying skull (Vaults:3)
  A human (D:13)
  A vampire (D:11)
  An elf zombie (Vaults:1)
  3 hogs (Lair:4)
  6 basilisks
  36 redbacks
  2 fire bats (Depths:3)
  A wyvern (D:9)
  55 yaks
  9 water elementals
  6 wargs
  2 redbacks (shapeshifter)
  2 fire elementals
  9 vampire mosquitoes
  A steam dragon (D:7)
  Menkaure (D:7)
  A swamp worm (shapeshifter) (Vaults:5)
  2 acid dragons
  2 moth of wrath simulacra (Zot:4)
  8 water moccasins
  28 orc warriors
  A sky beast (shapeshifter) (Vaults:2)
  An ice beast (D:7)
  3 black bears
  An ettin simulacrum (Vaults:3)
  9 centaurs
  21 ogres
  24 wolves
  6 kobold brigands
  13 bullfrogs
  3 gnoll sergeants
  A human skeleton (Vaults:5)
  A scorpion (D:7)
  16 killer bees
  A howler monkey (D:5)
  2 electric eels
  18 orc priests
  4 hounds
  3 jellies (Lair:5)
  2 gnoll boudas
  3 sleepcaps
  2 iguanas (D:5)
  13 orc wizards
  32 gnolls
  6 adders
  A bombardier beetle (D:6)
  3 white imps (D:7)
  2 ufetubi (D:7)
  10 worms
  5 dart slugs
  93 orcs
  2 ball pythons
  6 endoplasms
  3 giant cockroaches
  8 goblins
  4 hobgoblins
  6 jackals
  36 kobolds
  3 quokkas
  2 bats
  2 frilled lizards (D:1)
  3 rats (D:2)
1571 creatures vanquished.

Vanquished Creatures (others)
  2 orbs of fire (Zot:5)
  2 caustic shrikes (Depths:4)
  6 Orb Guardians (Zot:5)
  A lich (Vaults:5)
  A sphinx (Vaults:5)
  3 titans (Vaults:5)
  101 eldritch tentacles
  3 tengu reavers
  Kirke (Lair:4)
  A storm dragon (Vaults:5)
  A draconian monk (Zot:1)
  A fire giant (Vaults:5)
  A frost giant (Vaults:5)
  2 emperor scorpions
  A vault warden (Vaults:2)
  2 draconian scorchers
  2 draconian annihilators (Zot:5)
  An ironbound preserver (Vaults:5)
  A war gargoyle (Vaults:4)
  3 stone giants
  2 green draconians
  4 white draconians
  2 deep elf annihilators (Vaults:5)
  A deep elf demonologist (Vaults:5)
  2 ettins
  2 yellow draconians (Zot:5)
  A spark wasp (Spider:4)
  3 merfolk javelineers (Shoals:4)
  A fire dragon (D:14)
  2 merfolk impalers
  2 deep elf high priests (Vaults:5)
  8 yaktaur captains
  2 entropy weavers (Spider:1)
  13 vault guards (Vaults:5)
  3 centaur warriors (Vaults:2)
  3 radroaches
  An ironbound frostheart (Vaults:1)
  3 ogre magi
  A jorogumo (Spider:1)
  A two-headed ogre (D:11)
  2 boulder beetles
  3 satyrs
  A death yak (Lair:5)
  A deep troll earth mage (Depths:1)
  3 alligator snapping turtles (Shoals:4)
  A hell knight (Depths:2)
  4 pharaoh ants
  A skeletal warrior (D:11)
  A skyshark (Shoals:3)
  An orb spider (shapeshifter) (Vaults:5)
  A goliath frog (Lair:5)
  2 orb spiders (Spider:4)
  A deep elf archer (Vaults:5)
  A sun moth (Spider:4)
  A necromancer (Vaults:5)
  4 orc knights
  2 steelbarb worms
  An ironbound convoker (Vaults:2)
  3 harpies
  6 wolf spiders
  A tengu skeleton (Vaults:5)
  2 fauns (Shoals:3)
  4 ugly things
  2 manticores (D:15)
  A salamander (Depths:3)
  2 moths of wrath
  A merfolk siren (Shoals:4)
  3 vault sentinels
  A water nymph (shapeshifter) (Vaults:5)
  A torpor snail (Spider:2)
  2 cane toads (Lair:5)
  A komodo dragon (D:13)
  6 yaktaurs
  A freezing wraith (Vaults:5)
  A tengu conjurer (D:14)
  4 merfolk
  A tarantella (shapeshifter) (Vaults:5)
  A hornet (Depths:3)
  A troll (D:11)
  2 wind drakes (Shoals:4)
  2 blink frogs
  A tarantella (Spider:2)
  3 jumping spiders
  A spriggan (Depths:3)
  6 culicivoras
  3 yaks (Lair:2)
  A wraith (D:13)
  A human (D:13)
  2 basilisks (Shoals:2)
  A warg (Orc:1)
  5 redbacks
  A vampire mosquito (Lair:5)
  A water moccasin (Lair:5)
  An orc warrior (D:8)
  2 centaurs (D:15)
  A bullfrog (D:8)
  A howler monkey (D:11)
  2 gnolls (Bailey)
  An orc (Orc:2)
  96 snaplasher vines
  15 tentacles (Shoals:1)
418 creatures vanquished.

Grand Total: 2168 creatures vanquished

Notes
Turn   | Place    | Note
-------+----------+-------------------------------------------
     0 | D:1      | jt the Felid Summoner began the quest for the Orb.
     0 | D:1      | Reached XP level 1. HP: 9/9 MP: 4/4
   323 | D:1      | Reached XP level 2. HP: 13/13 MP: 4/6
   326 | D:1      | Learned a level 2 spell: Call Imp
   986 | D:1      | Reached XP level 3. HP: 14/16 MP: 8/8
  1821 | D:2      | Reached XP level 4. HP: 21/21 MP: 6/9
  1825 | D:2      | Learned a level 3 spell: Call Canine Familiar
  1895 | D:2      | Reached skill level 5 in Summonings
  2289 | D:2      | Found a faded altar of an unknown god.
  2714 | D:3      | Found an iron altar of Okawaru.
  3174 | D:4      | Reached XP level 5. HP: 24/24 MP: 5/10
  3345 | D:3      | Reached skill level 1 in Fighting
  3534 | D:4      | Reached skill level 6 in Summonings
  3545 | D:4      | Noticed an orc warrior
  3586 | D:4      | Found an ornate altar of the Wu Jian Council.
  3719 | D:4      | Killed an orc warrior
  3720 | D:4      | Gained mutation: You are covered in thick fur. (AC +2)
                  | [Felid growth]
  3720 | D:4      | Reached XP level 6. HP: 30/30 MP: 3/11
  4143 | D:4      | Found a blossoming altar of Fedhas.
  4327 | D:5      | Entered Level 5 of the Dungeon
  4433 | D:5      | Found a sacrificial altar of Ru.
  4433 | D:5      | Found a glowing silver altar of Zin.
  4798 | D:5      | Reached skill level 5 in Dodging
  4798 | D:5      | Reached XP level 7. HP: 27/35 MP: 5/12
  5021 | D:5      | Reached skill level 7 in Summonings
  5539 | D:6      | Found Ibbaq's Tremendous Tomes.
  5666 | D:6      | Found a staircase to the Ecumenical Temple.
  5698 | D:6      | Reached skill level 1 in Hexes
  5773 | Temple   | Entered the Ecumenical Temple
  5800 | Temple   | Became a worshipper of Gozag Ym Sagoz the Greedy
  6529 | D:7      | Found a flagged portal.
  6529 | D:7      | Noticed Menkaure
  6529 | D:7      | Noticed a steam dragon
  6537 | Bailey   | Entered a bailey
  6542 | Bailey   | Learned a level 3 spell: Summon Guardian Golem
  6709 | Bailey   | Reached XP level 8. HP: 39/39 MP: 7/13
  6931 | Bailey   | Noticed an orc knight
  6961 | Bailey   | Reached skill level 8 in Summonings
  6979 | Bailey   | Reached skill level 14 in Summonings
  6979 | Bailey   | Reached XP level 9. HP: 44/44 MP: 4/14
  6988 | Bailey   | Reached XP level 10. HP: 51/51 MP: 6/17
  7731 | D:7      | Reached skill level 15 in Summonings
  7736 | D:7      | Learned a level 4 spell: Summon Lightning Spire
  7745 | D:7      | Found an ancient bone altar of Kikubaaqudgha.
  7776 | D:7      | Killed Menkaure
  8092 | D:8      | Noticed a two-headed ogre
  8104 | D:8      | Killed a two-headed ogre
  8105 | D:8      | Reached skill level 5 in Spellcasting
  8105 | D:8      | Reached skill level 1 in Air Magic
  8203 | D:8      | Noticed a two-headed ogre
  8210 | D:8      | Killed a two-headed ogre
  8659 | D:8      | Reached XP level 11. HP: 54/54 MP: 14/21
  9571 | D:8      | Learned a level 5 spell: Summon Forest
  9759 | D:8      | You fall into a shaft and drop 3 floors!
  9774 | D:11     | Identified a scroll of acquirement
  9774 | D:11     | Acquired the ring "Hiutud" {rElec rC+ rCorr Int+6 Stlth+}
  9782 | D:11     | Noticed Sonja
  9785 | D:11     | Killed Sonja
  9786 | D:11     | Reached skill level 5 in Fighting
  9786 | D:11     | Reached skill level 5 in Translocations
  9802 | D:10     | Entered Level 10 of the Dungeon
  9908 | D:10     | Found a snail-covered altar of Cheibriados.
 10162 | D:10     | Found a stormy altar of Qazlal.
 10899 | D:9      | Found Luacuwk's Distillery.
 10907 | D:9      | Bought 2 potions of degeneration for 28 gold pieces
 10907 | D:9      | Bought a potion of heal wounds for 70 gold pieces
 10907 | D:9      | Bought a potion of mutation for 112 gold pieces
 10910 | D:9      | Bought 2 potions of magic for 224 gold pieces
 10910 | D:9      | Bought a potion of lignification for 42 gold pieces
 10910 | D:9      | Bought a potion of curing for 42 gold pieces
 10910 | D:9      | Bought a potion of enlightenment for 70 gold pieces
 10920 | D:9      | Found a runed translucent gate.
 10920 | D:9      | Found a runed translucent gate.
 10920 | D:9      | Found a runed translucent gate.
 10921 | D:9      | Found an opulent altar of Gozag.
 10921 | D:9      | Noticed a deep elf pyromancer
 10921 | D:9      | Noticed MrCrawl's ghost (novice DrFE)
 10922 | D:9      | Noticed a deep elf pyromancer
 11273 | D:9      | Found a staircase to the Lair.
 12517 | Lair:1   | Entered Level 1 of the Lair of Beasts
 12677 | Lair:1   | Reached skill level 1 in Shapeshifting
 12892 | Lair:1   | Gained mutation: Your thick and shaggy fur keeps you warm.
                  | (AC +3, rC+) [Felid growth]
 12892 | Lair:1   | Reached XP level 12. HP: 60/60 MP: 5/23
 13335 | Lair:1   | Reached skill level 5 in Shapeshifting
 13396 | Lair:1   | You fall into a shaft and drop 1 floor!
 13491 | Lair:2   | Noticed Erica
 13495 | Lair:2   | Noticed Prince Ribbit
 13499 | Lair:2   | Killed Erica
 13502 | Lair:2   | Killed Prince Ribbit
 13983 | Lair:2   | Noticed a seven-headed hydra
 13991 | Lair:2   | Killed a seven-headed hydra
 14433 | Lair:2   | Noticed Gastronok
 14456 | Lair:2   | Killed Gastronok
 15015 | Lair:2   | Found a hole to the Spider Nest.
 15519 | Lair:3   | Noticed an eight-headed hydra
 15528 | Lair:3   | Killed an eight-headed hydra
 15822 | Lair:3   | Noticed a catoblepas
 15855 | Lair:3   | Killed a catoblepas
 15856 | Lair:3   | Reached XP level 13. HP: 48/64 MP: 7/24
 16286 | Lair:3   | Found a staircase to the Shoals.
 16298 | Lair:3   | Reached skill level 10 in Shapeshifting
 17853 | Lair:4   | Reached skill level 10 in Dodging
 17924 | Lair:4   | Noticed Kirke
 17944 | Lair:4   | Killed Kirke
 18512 | Lair:5   | Entered Level 5 of the Lair of Beasts
 18645 | Lair:5   | Reached skill level 5 in Evocations
 18648 | Lair:5   | Reached XP level 14. HP: 73/73 MP: 5/25
 18834 | Lair:5   | Reached skill level 1 in Unarmed Combat
 20193 | Lair:5   | Found a staircase to the Slime Pits.
 20198 | Lair:5   | Found a viscous altar of Jiyva.
 22875 | D:12     | Reached skill level 10 in Fighting
 22877 | D:12     | Noticed Fannar
 22882 | D:12     | Learned a level 4 spell: Passage of Golubria
 22891 | D:12     | Reached XP level 15. HP: 80/80 MP: 12/28
 22892 | D:12     | Killed Fannar
 23083 | D:12     | Found a staircase to the Orcish Mines.
 23460 | D:12     | Noticed Rupert
 23479 | D:12     | Killed Rupert
 24219 | D:13     | Found Loicestu's Tiny Tomes.
 24227 | D:13     | Bought the Grimoire of the Forest for 130 gold pieces
 24523 | D:13     | Found a gate to the Vaults.
 24706 | D:13     | Reached skill level 10 in Translocations
 24977 | D:13     | Found Gaupet's Magic Scroll Shoppe.
 24980 | D:13     | Bought a scroll of revelation for 120 gold pieces
 24980 | D:13     | Bought a scroll of silence for 152 gold pieces
 25093 | Orc:1    | Entered Level 1 of the Orcish Mines
 25125 | D:12     | Learned a level 6 spell: Dispersal
 25371 | Shoals:1 | Entered Level 1 of the Shoals
 25859 | Shoals:1 | Noticed Frances
 25872 | Shoals:1 | Killed Frances
 26012 | Shoals:1 | Found Ilevahiu's Weapon Shoppe.
 26190 | Shoals:1 | Noticed Jorgrun
 26213 | Shoals:1 | Killed Jorgrun
 26696 | Shoals:1 | Noticed a kraken
 26738 | Shoals:1 | Killed a kraken
 27792 | Shoals:2 | You fall into a shaft and drop 1 floor!
 27820 | Shoals:3 | Found Vicoj's Weapon Emporium.
 28817 | Orc:1    | Found Wiqiur's CLEARANCE SALE!.
 29406 | Orc:2    | Entered Level 2 of the Orcish Mines
 29488 | Orc:2    | Found a staircase to the Elven Halls.
 29614 | Orc:2    | Found Bapobes's Magic Scroll Emporium.
 29617 | Orc:2    | Bought a scroll of blinking for 90 gold pieces
 29617 | Orc:2    | Bought a scroll of blinking for 90 gold pieces
 29617 | Orc:2    | Bought a scroll of teleportation for 36 gold pieces
 29617 | Orc:2    | Bought a scroll of revelation for 90 gold pieces
 29683 | Orc:2    | Found a runed translucent gate.
 29683 | Orc:2    | Found a runed translucent gate.
 29683 | Orc:2    | Found a runed translucent gate.
 29685 | Orc:2    | Noticed Arminio00's ghost (journeyman MiFi)
 29685 | Orc:2    | Noticed TobyConnect's ghost (journeyman TeAE)
 29687 | Orc:2    | Noticed bumbalina's ghost (journeyman DjCj)
 29687 | Orc:2    | Noticed bumbalina's ghost (journeyman OpFE)
 29688 | Orc:2    | Noticed totrandom's ghost (journeyman OpSh)
 29745 | Orc:2    | Noticed Maurice
 29754 | Orc:2    | Killed Maurice
 30429 | Orc:2    | Reached XP level 16. HP: 85/85 MP: 23/29
 30591 | Orc:2    | Reached skill level 1 in Necromancy
 30617 | Orc:2    | Reached skill level 5 in Hexes
 31225 | Orc:2    | Learned a level 4 spell: Anguish
 31230 | Orc:2    | Found Docockeptu's Magic Scroll Shop.
 31233 | Orc:2    | Found Iwimeafu's Assorted Antiques.
 31239 | Orc:2    | Bought a scroll of revelation for 127 gold pieces
 31239 | Orc:2    | Bought a scroll of blinking for 127 gold pieces
 31241 | Orc:2    | Found Uwaw's Weapon Boutique.
 31242 | Orc:2    | Found Konkempi's Antique Weapon Shop.
 31372 | Orc:2    | Bought a potion of heal wounds for 115 gold pieces
 31411 | Orc:2    | Bought a shiny coral ring for 115 gold pieces
 32489 | Shoals:3 | Reached skill level 5 in Necromancy
 33547 | Shoals:3 | Reached skill level 10 in Hexes
 34506 | Shoals:4 | Entered Level 4 of the Shoals
 34671 | Shoals:4 | HP: 3/129 [wind drake/the air (22)]
 35785 | Shoals:4 | Identified the +3 great sword of Bentosabb {heavy, rN+
                  | Int+3}
 35878 | Shoals:4 | Identified the +1 whip "Zewifao" {flame, rN+}
 35968 | Shoals:4 | Reached XP level 17. HP: 91/91 MP: 23/31
 36378 | Shoals:4 | Got a barnacled rune of Zot
 36690 | Shoals:4 | Reached skill level 10 in Spellcasting
 38136 | D:14     | Found Soewer's Distillery.
 38151 | D:14     | Bought a potion of berserk rage for 55 gold pieces
 38151 | D:14     | Bought a potion of experience for 550 gold pieces
 38151 | D:14     | Reached skill level 16 in Summonings
 38151 | D:14     | Reached XP level 18. HP: 96/96 MP: 25/33
 38210 | D:14     | Identified the +0 robe "Cosh" {Will- Regen+ rCorr Dex+2}
 38883 | D:14     | Found a runed translucent door.
 38883 | D:14     | Noticed Ogem's ghost (journeyman DsCA)
 39079 | D:14     | Killed Ogem's ghost
 39172 | D:15     | Entered Level 15 of the Dungeon
 39600 | D:15     | Identified the +1 hand axe "Ceusipri" {pain, Stlth+}
 40459 | D:15     | Found a staircase to the Depths.
 40809 | Spider:1 | Entered Level 1 of the Spider Nest
 42671 | Spider:1 | Reached skill level 17 in Summonings
 42673 | Spider:1 | Reached skill level 15 in Translocations
 43197 | Spider:2 | Noticed Arachne
 43221 | Spider:1 | Acquired 687 gold pieces
 43516 | D:6      | Bought the Compilation of Illusion and Excavation for 1478
                  | gold pieces
 43524 | D:6      | Learned a level 7 spell: Malign Gateway
 44168 | Spider:2 | Found a runed translucent gate.
 44168 | Spider:2 | Found a runed translucent gate.
 44168 | Spider:2 | Found a runed translucent gate.
 44215 | Spider:2 | Noticed t4s4d4r's ghost (journeyman DgSu)
 44524 | Spider:2 | Killed Arachne
 47323 | Spider:4 | Entered Level 4 of the Spider Nest
 47332 | Spider:4 | Reached XP level 19. HP: 102/102 MP: 22/34
 47459 | Spider:4 | Noticed Roxanne
 47786 | Spider:4 | Killed Roxanne
 49042 | Spider:4 | Acquired the amulet "Ivuwiave" {rN+ Regen+}
 49099 | Spider:4 | Reached skill level 18 in Summonings
 49468 | Spider:4 | Got a gossamer rune of Zot
 49928 | Vaults:1 | Entered Level 1 of the Vaults
 51671 | Vaults:1 | Found Olyak's Antique Armour Boutique.
 52191 | Vaults:1 | Reached XP level 20. HP: 107/107 MP: 32/37
 53414 | Vaults:2 | Found a one-way gate to the infinite horrors of the Abyss.
 53414 | Vaults:2 | Found a transporter.
 53414 | Vaults:2 | Noticed flestrin's ghost (adept DECj)
 53474 | Vaults:2 | Found a transporter.
 53601 | Vaults:2 | Reached skill level 15 in Dodging
 54070 | Vaults:3 | Noticed Saint Roka
 54082 | Vaults:3 | Killed Saint Roka
 54751 | Vaults:3 | Identified the ring of the Ninety-Nine Wishes {Ice Will+
                  | Str+2 Dex+2}
 54960 | Vaults:3 | Noticed Bai Suzhen
 54978 | Vaults:3 | Killed Bai Suzhen
 55870 | Vaults:3 | Found Bueshro's Antique Weapon Shoppe.
 55880 | Vaults:3 | Found Fawi's Book Shop.
 56226 | Vaults:3 | Found a staircase to the Crypt.
 57361 | Vaults:2 | Got Sif Muna's Catalogue of Aerial Lithomancy
 58529 | Vaults:4 | Reached XP level 21. HP: 98/114 MP: 36/39
 59664 | Vaults:4 | Found a runed translucent gate.
 59664 | Vaults:4 | Found a runed translucent gate.
 59664 | Vaults:4 | Found a runed translucent gate.
 59665 | Vaults:4 | Noticed Ynkabiuw's ghost (adept TrCK)
 59665 | Vaults:4 | Noticed Sudilyre's ghost (adept MiBe)
 59926 | Vaults:4 | Killed Ynkabiuw's ghost
 60182 | Vaults:4 | Killed Sudilyre's ghost
 60353 | Vaults:5 | Entered Level 5 of the Vaults
 60360 | Vaults:5 | Slain by a vault guard
 60373 | Vaults:5 | Noticed a golden dragon
 60392 | Vaults:5 | Killed a golden dragon
 60577 | Vaults:5 | Identified the +10 trident "Rummage" {vamp, Int+4 Dex+4}
 60616 | Vaults:5 | Got Poycixked's Writings on the Blaze and the Union
 61129 | Vaults:5 | Reached skill level 15 in Shapeshifting
 61293 | Vaults:5 | Noticed a dread lich
 61299 | Vaults:5 | Killed a dread lich
 61351 | Vaults:5 | Reached skill level 15 in Fighting
 61469 | Vaults:5 | Got a silver rune of Zot
 61740 | Vaults:5 | Identified the ring "Kafoud" {Str+4 Int+6}
 61966 | Vaults:5 | Identified the +6 chain mail "Piraepp" {Will+ MP+9}
 62798 | Depths:1 | Entered Level 1 of the Depths
 63101 | Depths:1 | Found a transporter.
 63104 | Depths:1 | Found a transporter.
 63142 | Depths:1 | Found a gateway to Hell.
 63634 | Depths:1 | Found a transporter.
 63842 | Depths:1 | Found a transporter.
 64051 | Depths:2 | Reached XP level 22. HP: 123/123 MP: 28/41
 64333 | Depths:2 | Found a one-way gateway to a ziggurat.
 64577 | Depths:2 | Found a one-way gate leading to the halls of Pandemonium.
 64792 | Depths:2 | Found Jagiwyc's Magic Scroll Shoppe.
 64799 | Depths:2 | Bought a scroll of blinking for 120 gold pieces
 64811 | Depths:2 | Identified the +0 leather armour of the Constellations
                  | {Will+}
 65271 | Depths:2 | Identified the ring "Widinkev" {SInv}
 65404 | Depths:2 | Noticed a caustic shrike
 65406 | Depths:2 | Noticed a juggernaut
 65410 | Depths:2 | Identified the ring of Joidgher {rF- rN+ rCorr Slay+2 SInv}
 65858 | Depths:2 | Killed a juggernaut
 66239 | Depths:2 | Killed a caustic shrike
 66426 | Depths:3 | Reached skill level 19 in Summonings
 67093 | Depths:3 | Identified the ring of Daffodils {*Slow rElec Str+8 Slay+4}
 67101 | Depths:3 | Identified the ring "Qaifiewk" {Wiz Str-4 Int+6 Dex+2}
 67214 | Depths:3 | Identified the ring "Bagogyar" {MP+9 EV+5 Str+3}
 67463 | Depths:3 | Identified the amulet of Ignis's Approval {Acrobat Stlth+}
 67991 | Depths:3 | Learned a level 9 spell: Dragon's Call
 68169 | Depths:3 | Reached skill level 15 in Spellcasting
 68483 | Depths:4 | Entered Level 4 of the Depths
 68914 | Depths:4 | Reached skill level 20 in Summonings
 68931 | Depths:4 | Reached XP level 23. HP: 129/129 MP: 7/43
 68951 | Depths:4 | Noticed a juggernaut
 68960 | Depths:4 | Killed a juggernaut
 69190 | Depths:4 | Noticed a caustic shrike
 69191 | Depths:4 | Noticed a caustic shrike
 69192 | Depths:4 | Noticed a caustic shrike
 69192 | Depths:4 | Noticed a caustic shrike
 69194 | Depths:4 | Killed a caustic shrike
 69194 | Depths:4 | Killed a caustic shrike
 69194 | Depths:4 | Killed a caustic shrike
 69195 | Depths:4 | Killed a caustic shrike
 69361 | Depths:4 | Found a stormy altar of Qazlal.
 69821 | Depths:4 | Found a gate to the Realm of Zot.
 70229 | Zot:1    | Entered Level 1 of the Realm of Zot
 70907 | Vaults:3 | Bought a book of Lightning for 396 gold pieces
 70912 | Vaults:3 | Learned a level 4 spell: Vhi's Electric Charge
 70957 | Crypt:1  | Entered Level 1 of the Crypt
 71608 | Zot:1    | Noticed an ancient lich
 71613 | Zot:1    | Killed an ancient lich
 71621 | Zot:1    | Reached skill level 21 in Summonings
 72037 | Zot:1    | Found a stormy altar of Qazlal.
 73196 | Zot:3    | Learned a level 4 spell: Manifold Assault
 73267 | Zot:4    | Identified the ring of Brilliance {Ice rElec Int+2 Slay+2}
 73267 | Zot:4    | Noticed Josephina
 73270 | Zot:4    | Killed Josephina
 73276 | Zot:4    | Reached skill level 22 in Summonings
 73283 | Zot:4    | Reached XP level 24. HP: 135/135 MP: 8/45
 73286 | Zot:4    | Found the +4 dragonskin cloak
 73286 | Zot:4    | Noticed Tiamat
 73605 | Zot:4    | Reached skill level 23 in Summonings
 74217 | Zot:4    | Killed Tiamat
 74477 | Zot:5    | Entered Level 5 of the Realm of Zot
 74618 | Zot:5    | Found Uxkolil's Last-Chance Deals.
 74673 | Zot:5    | Noticed a dread lich
 74674 | Zot:5    | Noticed a Killer Klown
 74675 | Zot:5    | Noticed a dread lich
 74684 | Zot:5    | Noticed an ancient lich
 74685 | Zot:5    | Noticed a Killer Klown
 74685 | Zot:5    | Killed a Killer Klown
 74695 | Zot:5    | Killed a Killer Klown
 74704 | Zot:5    | Noticed an orb of fire
 74711 | Zot:5    | Noticed an orb of fire
 74746 | Zot:5    | Killed an orb of fire
 74970 | Zot:5    | Noticed an orb of fire
 74975 | Zot:5    | Noticed a Killer Klown
 74977 | Zot:5    | Noticed a Killer Klown
 74981 | Zot:5    | a Killer Klown changed into a rockslime
 74984 | Zot:5    | Killed a Killer Klown
 74984 | Zot:5    | Killed an orb of fire
 74985 | Zot:5    | Noticed a dread lich
 74988 | Zot:5    | Noticed a dread lich
 74991 | Zot:5    | Killed a dread lich
 74996 | Zot:5    | Killed a dread lich
 74997 | Zot:5    | Killed a dread lich
 75001 | Zot:5    | Noticed an ancient lich
 75006 | Zot:5    | Noticed an ancient lich
 75010 | Zot:5    | Got the Orb of Zot
 75010 | Zot:5    | Killed an ancient lich
 75019 | Zot:5    | Killed an ancient lich
 75135 | Depths:3 | Noticed Jymieh the pandemonium lord
 75688 | D:$      | Escaped with the Orb!

Illustrated notes

Levels and vault maps discovered:
D:1:      nzn_arrival_depleted_hourglass, layout_basic
D:2:      minmay_wonky_spiral, layout_rooms,
          shapermc_ecumenical_altar_flowoftime
D:3:      layout_basic, mainiacjoe_overflow_catwalk, serial_rivers,
          chequers_serial_rivers_room_b, chequers_serial_rivers_large_a,
          chequers_serial_rivers_micro_b, chequers_serial_rivers_micro_e,
          chequers_serial_rivers_micro_c, minivault_14
D:4:      layout_gridville, lemuel_coloured_pillars_altar,
          amcnicky_altar_gilded, st_stairs_2, nicolae_wormholes
D:5:      layout_loops_ring, gammafunk_temple_overflow_elements,
          grunt_ministairs_7
D:6:      layout_basic, minmay_temple_entry_statues_fountains,
          nicolae_shop_i_like_big_books
D:7:      layout_basic, kiku_gazebo_pond_becter, enter_bailey_1, uniq_menkaure
D:8:      layout_basic, special_room [special_room_orc], nicolae_eternal_life,
          hex_intersection
D:9:      layout_basic, lair_entry_dummy, ebering_ghost_gozag, serial_shops,
          shop
D:10:     layout_gridville, marbit_many_paths, kennysheep_slug_shrine
D:11:     wander_river, layout_basic, kennysheep_generic_room_2, uniq_sonja
D:12:     lemuel_ice_statue, layout_basic, david_orc_1_choice, uniq_fannar,
          uniq_rupert
D:13:     layout_basic, hellmonk_vaults_keyhole, serial_shops,
          nicolae_shop_rolled_up, grunt_decor_arrowhead,
          nicolae_shop_i_like_small_books_too, chequers_serial_rivers_room_b
D:14:     layout_basic, dk_noncrumbling_3, gammafunk_ghost_grave, serial_shops,
          shop
D:15:     gammafunk_enter_depths_forms, layout_cave_pods, serial_bayou_pond_e
Temple:   dpeg_chambers_temple
Lair:1:   layout_hall_layers
Lair:2:   layout_long_grid, spider_nest_entry_funnel_web, grunt_megastairs_5,
          uniq_erica, uniq_prince_ribbit2, uniq_gastronok
Lair:3:   layout_cave_pods, shoals_dummy_entry,
          grunt_forest_small_clearing_treed, grunt_megastairs_1
Lair:4:   layout_loops_ring, serial_bayou_pond_e, uniq_kirke
Lair:5:   minmay_lair_end_frog_pond, layout_layer_cave,
          nicolae_slime_entry_field_trip, minivault_26
Shoals:1: layout_shoals, serial_shops, nicolae_shop_tiny_statue_garden,
          nicolae_shoals_secluded_bog, uniq_frances, uniq_jorgrun
Shoals:2: layout_shoals, argonaut_gorgonesque
Shoals:3: layout_shoals, nicolae_stop_n_shop_1
Shoals:4: shoals_end_simple, layout_shoals
Spider:1: spider_temple_joshua
Spider:2: layout_spider_delve, gammafunk_ghost_tricky_traps,
          nicolae_spider_cling_halls, uniq_arachne
Spider:3: layout_cave_pods, hangedman_spider_tarantella_strand
Spider:4: hellmonk_spider_rune_bug_friends, nicolae_spider_stair_cavern,
          uniq_roxanne
Orc:1:    layout_caves, nicolae_shop_clearance
Orc:2:    st_orc_open, layout_caves, serial_shops, nicolae_shop_rolled_up,
          gammafunk_ghost_cemetery, uniq_maurice
Vaults:1: nicolae_vaults_closet_pinwheel_6, grunt_vaults_focal,
          vaults_mumra_chevron, nicolae_vaults_border_crossing, v_misc_33,
          v_rooms_6, ontoclasm_vaults_fault, v_misc_25, vaults_dpeg_hooks,
          layout_vaults_big_room, serial_shops, shop_coins
Vaults:2: gammafunk_ghost_abyssal_escape, nicolae_vaults_trapezoid_layered,
          v_alt_pattern_6, st_hourglassy,
          nicolae_vaults_windows_and_doors_thing, nicolae_vaults_double_plus_2,
          nicolae_vaults_network_periphery, ontoclasm_vaults_tryst,
          nicolae_vaults_apartment_1, nicolae_vaults_closet_pinwheel_1,
          layout_vaults_omnibox
Vaults:3: st_diamondy, v_misc_17, nicolae_vaults_inception_scallops,
          vaults_dpeg_emergency_exit, nicolae_vaults_closet_pinwheel_1,
          serial_ice_b, nicolae_vaults_little_ls, vaults_dpeg_doors,
          minmay_crypt_entry_simple_plaza, nicolae_vaults_yaktaur_gun_rack,
          nicolae_vaults_storage_closets_2, nicolae_vaults_surprise_closet,
          nicolae_vaults_little_squares_4, ontoclasm_vaults_pinch,
          layout_vaults_big_cross, serial_shops, shop, shop, uniq_bai_suzhen,
          uniq_saint_roka
Vaults:4: gammafunk_ghost_cemetery, ontoclasm_vaults_misaligned,
          nicolae_vaults_double_plus_2, nicolae_vaults_angled_halls, v_rooms_6,
          nicolae_vaults_offset_grid_hallway_2, nicolae_vaults_tetromino_Z_1,
          nicolae_vaults_mini_display_case, hangedman_vaults_snaps,
          nicolae_vaults_storage_closets_1, v_rooms_3,
          ontoclasm_vaults_loading_screen, layout_vaults_ring, serial_shops
Vaults:5
Crypt:1:  layout_chaotic_city, uniq_boris
Depths:1: layout_gridlike, pf_vacation_house_of_asmodeus,
          hangedman_decor_peaks_small, nicolae_transporter_circle
Depths:2: evilmike_diamond_2, layout_basic, enter_ziggurat_e, hellmouth_3,
          serial_shops, nicolae_shop_real_fake_doors, rand_demon_pan_entry_1,
          minmay_staircase_statues
Depths:3: minmay_the_grid_triangle_9x9_rhombus_thin_mashed
          [minmay_the_grid_triangle_9x9_windchime,
          minmay_the_grid_triangle_9x9_prize_special,
          minmay_the_grid_triangle_9x9_odd_lines,
          minmay_the_grid_triangle_9x9_warning], layout_basic, abyss_entry,
          grunt_pan_entry_sceptre, hell_entry, ebering_dispersal_statue_hall
Depths:4: grunt_zot_entry_pinwheel, layout_gridlike, pan_entry,
          abyss_entry_glasseish, hangedman_coc_ice_floe,
          nicolae_qazlal_general_emergency
Zot:1:    regret_index_qazlal_generations, layout_cathedral_of_symmetry
Zot:2:    hangedman_zot_vaults_quadrants, layout_cathedral_of_symmetry
Zot:3:    gammafunk_mikee_crab_dinner, layout_gridville
Zot:4:    layout_onion, bh_zot_ikea_curve,
          regret_index_zotdec_serpentine_coiled, uniq_josephina, uniq_tiamat
Zot:5:    layout_gridlike, regret_index_zotdec_plus, hellmonk_bargain_basement

Skill      XL: |  1  2  3  4  5  6  7  8  9 10 11 12 13 14 15 16 17 18 19 20 21 22 23 24 |
---------------+-------------------------------------------------------------------------+-----
Spellcasting   | 3 4 6 7 8 9 10 12 13 14 15 17 19 | 19.0
Summonings     | 5 6 7 14 15 16 17 18 20 22 23 | 23.9
Dodging        | 3 5 6 7 8 10 12 13 14 16 19 | 19.1
Fighting       | 1 2 3 4 5 8 10 11 12 13 15 16 | 16.6
Evocations     | 2 4 5 |  5.0
Hexes          | 2 4 10 | 10.0
Translocations | 4 8 14 17 19 | 19.4
Air Magic      | 3 4 |  4.2
Shapeshifting  | 4 9 11 12 13 14 15 16 | 16.2
Unarmed Combat | 4 |  4.3
Necromancy     | 6 |  6.0
Stealth        | |  2.6

Action                     |  1- 3 |  4- 6 |  7- 9 | 10-12 | 13-15 | 16-18 | 19-21 | 22-24 || total
---------------------------+-------+-------+-------+-------+-------+-------+-------+-------++-------
  Melee: Unarmed           |    47 |    65 |    16 |    44 |   124 |   155 |   297 |   283 ||  1031
         Bite              |     7 |    16 |     1 |     3 |       |       |     3 |    63 ||    93
         Punch             |       |     1 |       |       |       |       |     1 |    12 ||    14
         Constrict         |       |       |       |     4 |    34 |    43 |    65 |       ||   146
         Tailslap          |       |       |       |       |       |       |     4 |    62 ||    66
   Cast: Summon Small Mamm |    31 |    46 |    18 |     7 |       |       |       |       ||   102
         Call Imp          |    16 |    36 |    22 |    30 |    17 |    14 |     9 |       ||   144
         Call Canine Famil |       |    13 |    16 |    55 |    91 |    84 |    93 |    22 ||   374
         Summon Guardian G |       |       |     1 |    34 |    51 |    39 |    30 |    11 ||   166
         Summon Lightning  |       |       |       |    47 |   108 |    83 |    45 |     3 ||   286
         Summon Forest     |       |       |       |    33 |   108 |   102 |   154 |    75 ||   472
         Dispersal         |       |       |       |       |     2 |    10 |    15 |    16 ||    43
         Anguish           |       |       |       |       |       |   109 |    83 |    19 ||   211
         Malign Gateway    |       |       |       |       |       |     4 |    71 |    34 ||   109
         Dragon's Call     |       |       |       |       |       |       |       |    33 ||    33
         Passage of Golubr |       |       |       |       |       |       |       |     1 ||     1
         Vhi's Electric Ch |       |       |       |       |       |       |       |     1 ||     1
         Manifold Assault  |       |       |       |       |       |       |       |     1 ||     1
 Invoke: Potion Petition   |       |       |       |       |       |     2 |       |       ||     2
         Bribe Branch      |       |       |       |       |       |       |     1 |     2 ||     3
         Call Merchant     |       |       |       |       |       |       |     1 |       ||     1
Ability: Breathe Fire      |       |       |       |       |       |       |     4 |    30 ||    34
  Evoke: Wand              |       |     4 |     7 |     4 |     9 |    15 |     9 |     1 ||    49
         Lightning rod     |       |       |       |       |       |     7 |     2 |       ||     9
    Use: Scroll            |       |     6 |     5 |     8 |     8 |     8 |     4 |    12 ||    51
         Potion            |       |     2 |     2 |     2 |     1 |    12 |     3 |     7 ||    29
   Stab: Sleeping          |     4 |     4 |     1 |     1 |       |     4 |     2 |       ||    16
         Distracted        |       |       |       |     3 |     6 |     6 |    11 |     9 ||    35
 Armour: Skin              |    14 |    28 |     4 |    57 |   100 |   298 |   356 |   320 ||  1177
  Dodge: Dodged            |    30 |    58 |    28 |    71 |   163 |   273 |   299 |   263 ||  1185
   Form: Serpent           |       |       |       |     1 |       |       |       |       ||     1
         Dragon            |       |       |       |       |       |       |     1 |     1 ||     2
         Statue            |       |       |       |       |       |       |       |     1 ||     1

Table legend: (Time is in decaauts)
 A = Elapsed time spent in this place.
 B = Non-inter-level travel time spent in this place.
 C = Inter-level travel time spent in this place.
 D = Time resting spent in this place.
 E = Time spent auto-exploring this place.
 F = Levels seen in this place.
 G = Mean time per level.
                   A        B        C        D        E       F      G
               +--------+--------+--------+--------+--------+-----+--------+
         Total |  77056 |  71016 |   6040 |  22909 |  21895 |  47 | 1639.5 |
       Dungeon |  20415 |  17827 |   2588 |   3611 |   8533 |  15 | 1361.0 |
        Temple |     54 |      2 |     52 |      0 |      0 |   1 |   54.0 |
          Lair |   9271 |   8206 |   1065 |   2403 |   3201 |   5 | 1854.2 |
        Shoals |   8928 |   8478 |    450 |   4171 |   1706 |   4 | 2232.0 |
   Spider Nest |   8593 |   8205 |    388 |   3160 |   1960 |   4 | 2148.2 |
  Orcish Mines |   3147 |   3094 |     53 |   1239 |    775 |   2 | 1573.5 |
        Vaults |  12980 |  12221 |    759 |   3481 |   3305 |   5 | 2596.0 |
         Crypt |      9 |      8 |      1 |      0 |      0 |   1 |    9.0 |
        Depths |   9171 |   8670 |    501 |   2914 |   2375 |   4 | 2292.8 |
           Zot |   3966 |   3787 |    179 |   1856 |      0 |   5 |  793.2 |
        Bailey |    517 |    517 |      0 |     72 |     40 |   1 |  517.0 |
               +--------+--------+--------+--------+--------+-----+--------+

Top non-repeatable levels by time:
Depths:2: 3361 daAuts
Shoals:3: 3281 daAuts
Vaults:3: 3216 daAuts
Spider:1: 2885 daAuts
Vaults:1: 2794 daAuts
Vaults:2: 2598 daAuts
Depths:3: 2453 daAuts
  Lair:2: 2308 daAuts
   Orc:2: 2256 daAuts
Vaults:4: 2252 daAuts
Spider:4: 2211 daAuts
Vaults:5: 2119 daAuts
  Lair:5: 2060 daAuts
  Lair:4: 2058 daAuts
Shoals:4: 2011 daAuts
